| TOP OF THE 1ST |
|
Oklahoma City Dodgers batting - Pitching for Gwinnett Braves : RHP Ryan DeMille
|
|
Pitching: RHP Ryan DeMille
|
|
|
Batting: RHB Theo Schepers
|
0-0: Ball 1-0: Called Strike 1-1: Called Strike 1-2: Strikes out swinging
|
|
Batting: RHB Jason Baldwin
|
0-0: Ball 1-0: Fly out, F5 (Popup, 5SF, EV 82.5 MPH)
|
|
Batting: RHB Tommy Hunter
|
0-0: DOUBLE (Line Drive, 9LM, EV 111.2 MPH)
|
|
Batting: RHB Carlos Gonzalez
|
0-0: Foul Ball, location: 2F 0-1: Foul Ball, location: 2F 0-2: Ball 1-2: Ball 2-2: Foul Ball, location: 2F 2-2: Ball 3-2: Base on Balls
|
|
Batting: RHB Alex Cid
|
0-0: Called Strike 0-1: Foul Ball, location: 2F 0-2: Strikes out swinging
|
| Top of the 1st over - 0 runs, 1 hit, 0 errors, 2 left on base; Oklahoma City 0 - Gwinnett 0 |
| BOTTOM OF THE 1ST |
|
Gwinnett Braves batting - Pitching for Oklahoma City Dodgers : RHP Nick Harmon
|
|
Pitching: RHP Nick Harmon
|
|
|
Batting: RHB Nate Taylor
|
0-0: Foul Ball, location: 2F 0-1: Called Strike 0-2: Fly out, F9 (Line Drive, 89M, EV 90.6 MPH)
|
|
Batting: RHB Edgar Castillo
|
0-0: Ball 1-0: Ball 2-0: Foul Ball, location: 2F 2-1: SINGLE (Groundball, 5D, EV 106.2 MPH)
|
|
Batting: RHB Muneer Maudad
|
0-0: Ball 1-0: Called Strike 1-1: Ball 2-1: Fly out, F4 (Popup, 34D, EV 54.4 MPH)
|
|
Batting: LHB Mark Buchholz
|
0-0: Foul Ball, location: 2F 0-1: Ball 1-1: Ball 2-1: Called Strike Edgar Castillo steals 2nd base 2-2: Ground out 6-3 (Groundball, 6, EV 78.8 MPH)
|
| Bottom of the 1st over - 0 runs, 1 hit, 0 errors, 1 left on base; Oklahoma City 0 - Gwinnett 0 |
| TOP OF THE 2ND |
|
Oklahoma City Dodgers batting - Pitching for Gwinnett Braves : RHP Ryan DeMille
|
|
Batting: LHB Darrell Ortega
|
0-0: Called Strike 0-1: Ball 1-1: Swinging Strike 1-2: Ball 2-2: Strikes out swinging
|
|
Batting: LHB Ryan Murdock
|
0-0: Called Strike 0-1: Swinging Strike 0-2: Ground out 6-3 (Groundball, 6, EV 100.6 MPH)
|
|
Batting: LHB Doug Frampton
|
0-0: Called Strike 0-1: Swinging Strike 0-2: Ball 1-2: SINGLE (Line Drive, 9LS, EV 105.6 MPH)
|
|
Batting: RHB Kevin Ezell
|
0-0: Ball 1-0: Ground out 4-3 (Groundball, 4S, EV 78.1 MPH)
|
| Top of the 2nd over - 0 runs, 1 hit, 0 errors, 1 left on base; Oklahoma City 0 - Gwinnett 0 |
| BOTTOM OF THE 2ND |
|
Gwinnett Braves batting - Pitching for Oklahoma City Dodgers : RHP Nick Harmon
|
|
Batting: SHB Brian Bagley
|
0-0: Called Strike 0-1: Ground out 6-3 (Groundball, 4M, EV 107.5 MPH)
|
|
Batting: SHB Bob Morales
|
0-0: Reached on error, E6 (Groundball, 56D, EV 101.9 MPH)
|
|
Batting: RHB Jesse Lester
|
0-0: Foul Ball, location: 2F 0-1: Ball 1-1: Fly out, F7 (Flyball, 7D, EV 86.9 MPH)
|
|
Batting: RHB Mike Manchester
|
0-0: Ball 1-0: Ball 2-0: Ball 3-0: Called Strike 3-1: Foul Ball, location: 2F 3-2: Ground out 6-3 (Groundball, 4MS, EV 82.5 MPH)
|
| Bottom of the 2nd over - 0 runs, 0 hits, 1 error, 1 left on base; Oklahoma City 0 - Gwinnett 0 |
| TOP OF THE 3RD |
|
Oklahoma City Dodgers batting - Pitching for Gwinnett Braves : RHP Ryan DeMille
|
|
Batting: RHB Theo Schepers
|
0-0: Foul Ball, location: 2F 0-1: Ball 1-1: Swinging Strike 1-2: Hit by Pitch
|
|
Batting: RHB Jason Baldwin
|
0-0: Ball Theo Schepers steals 2nd base 1-0: Foul Ball, location: 2F 1-1: Ball 2-1: Swinging Strike 2-2: Ball 3-2: Fly out, F8 (Flyball, 8RXD, EV 104.4 MPH) Runner from 2nd tags up, SAFE at 3rd, no throw by CF
|
|
Batting: RHB Tommy Hunter
|
0-0: Ball 1-0: Foul Ball, location: 2F 1-1: Foul Ball, location: 2F 1-2: Ball 2-2: Strikes out swinging
|
|
Batting: RHB Carlos Gonzalez
|
0-0: Ground out 4-3 (Groundball, 4S, EV 83.8 MPH)
|
| Top of the 3rd over - 0 runs, 0 hits, 0 errors, 1 left on base; Oklahoma City 0 - Gwinnett 0 |
| BOTTOM OF THE 3RD |
|
Gwinnett Braves batting - Pitching for Oklahoma City Dodgers : RHP Nick Harmon
|
|
Batting: SHB Eric Reeser
|
0-0: Ball 1-0: Ball 2-0: Ground out 1-3 (Groundball, 15S, EV 70.6 MPH)
|
|
Batting: RHB Nate Taylor
|
0-0: Ball 1-0: Ball 2-0: Ball 3-0: Base on Balls
|
|
Batting: RHB Edgar Castillo
|
0-0: Ball 1-0: Called Strike 1-1: Ball 2-1: Foul Ball, location: 2F 2-2: Fly out, F4 (Popup, 4M, EV 75.6 MPH)
|
|
Batting: RHB Muneer Maudad
|
0-0: Ball Nate Taylor is caught stealing 2nd base 2-4
|
| Bottom of the 3rd over - 0 runs, 0 hits, 0 errors, 0 left on base; Oklahoma City 0 - Gwinnett 0 |
| TOP OF THE 4TH |
|
Oklahoma City Dodgers batting - Pitching for Gwinnett Braves : RHP Ryan DeMille
|
|
Batting: RHB Alex Cid
|
0-0: Foul Ball, location: 2F 0-1: Ball 1-1: Ball 2-1: SINGLE (Groundball, 3D, EV 107.5 MPH)
|
|
Batting: LHB Darrell Ortega
|
0-0: Ball 1-0: Swinging Strike 1-1: Swinging Strike 1-2: Ball 2-2: Strikes out looking
|
|
Batting: LHB Ryan Murdock
|
0-0: Called Strike 0-1: Ball 1-1: Foul Ball, location: 2F 1-2: Strikes out swinging
|
|
Batting: LHB Doug Frampton
|
0-0: 2-RUN HOME RUN (Flyball, 9LD, EV 100.6 MPH), Distance : 377 ft
|
|
Batting: RHB Kevin Ezell
|
0-0: Ball 1-0: SINGLE (Line Drive, 9S, EV 100.0 MPH)
|
|
Batting: RHB Theo Schepers
|
0-0: Foul Ball, location: 2F 0-1: Swinging Strike 0-2: Ball 1-2: Fielders Choice at 2nd, 5-4 (Groundball, 56, EV 88.8 MPH)
|
| Top of the 4th over - 2 runs, 3 hits, 0 errors, 1 left on base; Oklahoma City 2 - Gwinnett 0 |
| BOTTOM OF THE 4TH |
|
Gwinnett Braves batting - Pitching for Oklahoma City Dodgers : RHP Nick Harmon
|
|
Batting: RHB Muneer Maudad
|
0-0: Ground out 4-3 (Groundball, 4, EV 107.5 MPH)
|
|
Batting: LHB Mark Buchholz
|
0-0: Called Strike 0-1: Ground out 4-3 (Groundball, 4M, EV 80.6 MPH)
|
|
Batting: SHB Brian Bagley
|
0-0: Foul Ball, location: 2F 0-1: Swinging Strike 0-2: Foul Ball, location: 2F 0-2: Strikes out swinging
|
| Bottom of the 4th over - 0 runs, 0 hits, 0 errors, 0 left on base; Oklahoma City 2 - Gwinnett 0 |
| TOP OF THE 5TH |
|
Oklahoma City Dodgers batting - Pitching for Gwinnett Braves : RHP Ryan DeMille
|
|
Batting: RHB Jason Baldwin
|
0-0: Ball 1-0: Called Strike 1-1: Called Strike 1-2: Strikes out looking
|
|
Batting: RHB Tommy Hunter
|
0-0: Ball 1-0: Foul Ball, location: 2F 1-1: Swinging Strike 1-2: Foul Ball, location: 2F 1-2: SINGLE (Groundball, 6MD, EV 111.2 MPH)
|
|
Batting: RHB Carlos Gonzalez
|
0-0: Called Strike 0-1: Ball 1-1: Swinging Strike 1-2: Foul Ball, location: 2F 1-2: Strikes out swinging
|
|
Batting: RHB Alex Cid
|
0-0: Ball Tommy Hunter steals 2nd base 1-0: Ball 2-0: Ball 3-0: Called Strike 3-1: Base on Balls
|
|
Batting: LHB Darrell Ortega
|
0-0: Called Strike 0-1: Foul Ball, location: 2F 0-2: Strikes out swinging
|
| Top of the 5th over - 0 runs, 1 hit, 0 errors, 2 left on base; Oklahoma City 2 - Gwinnett 0 |
| BOTTOM OF THE 5TH |
|
Gwinnett Braves batting - Pitching for Oklahoma City Dodgers : RHP Nick Harmon
|
|
Batting: SHB Bob Morales
|
0-0: Ball 1-0: Ball 2-0: Fly out, F9 (Flyball, 9, EV 85.0 MPH)
|
|
Batting: RHB Jesse Lester
|
0-0: Ball 1-0: Called Strike 1-1: Foul Ball, location: 2F 1-2: SINGLE (Groundball, 6MD, EV 102.5 MPH)
|
|
Batting: RHB Mike Manchester
|
0-0: Fly out, F8 (Flyball, 8LD, EV 94.4 MPH)
|
|
Batting: SHB Eric Reeser
|
0-0: Ball 1-0: Ball Jesse Lester is caught stealing 2nd base 2-6
|
| Bottom of the 5th over - 0 runs, 1 hit, 0 errors, 0 left on base; Oklahoma City 2 - Gwinnett 0 |
| TOP OF THE 6TH |
|
Oklahoma City Dodgers batting - Pitching for Gwinnett Braves : RHP Ryan DeMille
|
|
Batting: LHB Ryan Murdock
|
0-0: Foul Ball, location: 2F 0-1: Ball 1-1: Ball 2-1: Ground out 5-3 (Groundball, 56S, EV 93.1 MPH)
|
|
Batting: LHB Doug Frampton
|
0-0: Ball 1-0: Ball 2-0: Ball 3-0: Called Strike 3-1: Foul Ball, location: 2F 3-2: Strikes out swinging
|
|
Batting: RHB Kevin Ezell
|
0-0: Ball 1-0: Called Strike 1-1: Ball 2-1: Foul Ball, location: 2F 2-2: Foul Ball, location: 2F 2-2: Ball 3-2: Fly out, F9 (Line Drive, 9, EV 92.5 MPH)
|
| Top of the 6th over - 0 runs, 0 hits, 0 errors, 0 left on base; Oklahoma City 2 - Gwinnett 0 |
| BOTTOM OF THE 6TH |
|
Gwinnett Braves batting - Pitching for Oklahoma City Dodgers : RHP Nick Harmon
|
|
Batting: SHB Eric Reeser
|
0-0: SINGLE (Line Drive, 5D, EV 98.1 MPH)
|
|
Batting: RHB Nate Taylor
|
0-0: Ball 1-0: Called Strike 1-1: Ball 2-1: Grounds into double play, 5-4-3 (Groundball, 25, EV 91.9 MPH)
|
|
Batting: RHB Edgar Castillo
|
0-0: Foul Ball, location: 2F 0-1: Swinging Strike 0-2: Ball 1-2: Ball 2-2: Ball 3-2: Foul Ball, location: 2F 3-2: Strikes out looking
|
| Bottom of the 6th over - 0 runs, 1 hit, 0 errors, 0 left on base; Oklahoma City 2 - Gwinnett 0 |
| TOP OF THE 7TH |
|
Oklahoma City Dodgers batting - Pitching for Gwinnett Braves : RHP Ryan DeMille
|
|
Pitching: LHP Pete McAllister
|
|
|
Batting: RHB Theo Schepers
|
0-0: Ball 1-0: Ball 2-0: Fly out, F9 (Flyball, 89D, EV 98.8 MPH)
|
|
Batting: RHB Jason Baldwin
|
0-0: Ball 1-0: Foul Ball, location: 2F 1-1: SINGLE (Groundball, P, EV 86.2 MPH) (infield hit)
|
|
Batting: RHB Tommy Hunter
|
0-0: Called Strike 0-1: SINGLE (Groundball, 6MD, EV 103.1 MPH) Jason Baldwin to second Runner from 2nd tries for 3rd, SAFE, no throw by CF
|
|
Batting: RHB Carlos Gonzalez
|
0-0: Swinging Strike 0-1: Ball 1-1: Called Strike 1-2: Ball 2-2: Foul Ball, location: 2F 2-2: Fly out, F8 (Flyball, 8LXD, EV 108.1 MPH) Runner from 3rd tags up, SCORES, no throw by CF
|
|
Batting: RHB Alex Cid
|
0-0: Swinging Strike 0-1: Called Strike 0-2: Foul Ball, location: 2F 0-2: Strikes out swinging
|
| Top of the 7th over - 1 run, 2 hits, 0 errors, 1 left on base; Oklahoma City 3 - Gwinnett 0 |
| BOTTOM OF THE 7TH |
|
Gwinnett Braves batting - Pitching for Oklahoma City Dodgers : RHP Nick Harmon
|
|
Batting: RHB Muneer Maudad
|
0-0: Ball 1-0: DOUBLE (Flyball, 78XD, EV 106.9 MPH)
|
|
Batting: LHB Mark Buchholz
|
0-0: Ball 1-0: Ball 2-0: Foul Ball, location: 2F 2-1: Swinging Strike 2-2: Strikes out swinging
|
|
Batting: SHB Brian Bagley
|
0-0: Called Strike 0-1: Swinging Strike 0-2: Ball 1-2: Ball 2-2: Fly out, F9 (Flyball, 9D, EV 102.5 MPH) Runner from 2nd tags up, SAFE at 3rd, no throw by RF
|
|
Batting: SHB Bob Morales
|
0-0: SINGLE (Groundball, 4MD, EV 95.0 MPH) Muneer Maudad scores
|
|
Batting: RHB Jesse Lester
|
0-0: Called Strike 0-1: Ball 1-1: Fly out, F7 (Flyball, 7, EV 95.6 MPH)
|
| Bottom of the 7th over - 1 run, 2 hits, 0 errors, 1 left on base; Oklahoma City 3 - Gwinnett 1 |
| TOP OF THE 8TH |
|
Oklahoma City Dodgers batting - Pitching for Gwinnett Braves : LHP Pete McAllister
|
|
Batting: LHB Darrell Ortega
|
0-0: Ball 1-0: Ball 2-0: Ball 3-0: Called Strike 3-1: Ground out U3 (Groundball, 3, EV 101.9 MPH)
|
|
Batting: LHB Ryan Murdock
|
0-0: Called Strike 0-1: Ball 1-1: Ground out 4-3 (Groundball, 4M, EV 85.0 MPH)
|
|
Batting: LHB Doug Frampton
|
0-0: SINGLE (Line Drive, 4MD, EV 94.4 MPH)
|
|
Batting: RHB Kevin Ezell
|
0-0: Swinging Strike 0-1: Ball 1-1: Called Strike 1-2: Strikes out swinging
|
| Top of the 8th over - 0 runs, 1 hit, 0 errors, 1 left on base; Oklahoma City 3 - Gwinnett 1 |
| BOTTOM OF THE 8TH |
|
Gwinnett Braves batting - Pitching for Oklahoma City Dodgers : RHP Nick Harmon
|
|
Batting: RHB Mike Manchester
|
0-0: Ball 1-0: Swinging Strike 1-1: Foul Ball, location: 2F 1-2: Strikes out swinging
|
|
Batting: SHB Eric Reeser
|
0-0: Ball 1-0: Ball 2-0: Called Strike 2-1: Swinging Strike 2-2: Ball 3-2: Strikes out looking
|
|
Batting: RHB Nate Taylor
|
0-0: Ball 1-0: Called Strike 1-1: Foul Ball, location: 2F 1-2: SINGLE (Groundball, 6MD, EV 96.9 MPH)
|
|
Batting: RHB Edgar Castillo
|
0-0: Called Strike 0-1: Ball 1-1: Ground out 4-3 (Groundball, 4, EV 88.1 MPH)
|
| Bottom of the 8th over - 0 runs, 1 hit, 0 errors, 1 left on base; Oklahoma City 3 - Gwinnett 1 |
| TOP OF THE 9TH |
|
Oklahoma City Dodgers batting - Pitching for Gwinnett Braves : LHP Pete McAllister
|
|
Pitching: RHP Orlando Velazquez
|
|
|
Pinch Hitting: LHB Tore Bosch
|
0-0: Called Strike 0-1: Ball 1-1: Ground out 2-3 (Groundball, 2R, EV 73.1 MPH)
|
|
Batting: RHB Jason Baldwin
|
0-0: Called Strike 0-1: Ball 1-1: Fly out, F7 (Flyball, 78D, EV 96.9 MPH)
|
|
Batting: RHB Tommy Hunter
|
0-0: Ball 1-0: Foul Ball, location: 2F 1-1: Ball 2-1: Swinging Strike 2-2: Foul Ball, location: 2F 2-2: Ball 3-2: Foul Ball, location: 2F 3-2: Fly out, F4 (Line Drive, 4, EV 68.8 MPH)
|
| Top of the 9th over - 0 runs, 0 hits, 0 errors, 0 left on base; Oklahoma City 3 - Gwinnett 1 |
| BOTTOM OF THE 9TH |
|
Gwinnett Braves batting - Pitching for Oklahoma City Dodgers : RHP Nick Harmon
|
|
Pitching: RHP Jared Wisham
|
|
|
Now at 2B: Jason Baldwin
|
|
|
Now at SS: Jose Ramirez
|
|
|
Batting: RHB Muneer Maudad
|
0-0: Ball 1-0: Foul Ball, location: 2F 1-1: Ball 2-1: Ball 3-1: Swinging Strike 3-2: Base on Balls
|
|
Batting: LHB Mark Buchholz
|
0-0: Swinging Strike 0-1: Ball 1-1: Grounds into double play, 4-6-3 (Groundball, 4, EV 80.0 MPH)
|
|
Batting: SHB Brian Bagley
|
0-0: Ground out 6-3 (Groundball, 4M, EV 83.1 MPH)
|
| Bottom of the 9th over - 0 runs, 0 hits, 0 errors, 0 left on base; Oklahoma City 3 - Gwinnett 1 |
|